 Dungeon Crawl Stone Soup version 0.26.1-11-gd32895ea62 (webtiles) character file.

Game seed: 1181336145659047345

167 alexmat1513 the Covered (level 5, -8/41 HPs)
             Began as a Human Fighter on June 22, 2021.
             Killed from afar by an orc wizard (10 damage)
             ... with a magic dart
             ... on level 3 of the Dungeon.
             The game lasted 00:04:57 (2592 turns).

alexmat1513 the Covered (Human Fighter)             Turns: 2592, Time: 00:04:58

Health: -8/41      AC: 11    Str: 17    XL:     5   Next: 76%
Magic:  5/5        EV:  5    Int:  9    God:
Gold:   176        SH: 14    Dex: 12    Spells: 4/4 levels left

rFire    . . .     SeeInvis +   a - +1 long sword
rCold    . . .     Faith    .   e - +1 tower shield
rNeg     . . .     Spirit   .   b - +0 scale mail
rPois    .         Reflect  .   (no helmet)
rElec    .         Harm     .   (no cloak)
rCorr    .         Rampage  .   (no gloves)
Will     .....                  (no boots)
Stlth    ..........             (no amulet)
HPRegen  0.13/turn              k - +4 ring of protection
MPRegen  0.09/turn              h - ring of see invisible

@: no status effects
A: no striking features
a: no special abilities


You were on level 3 of the Dungeon.
You visited 1 branch of the dungeon, and saw 3 of its levels.

You collected 176 gold pieces.

Inventory:

Hand Weapons
 a - a +1 long sword (weapon)
Armour
 b - a +0 scale mail (worn)
 e - a +1 tower shield (worn)
Jewellery
 h - a ring of see invisible (right hand)
 k - a +4 ring of protection (left hand)
Wands
 j - a wand of flame (12)
Scrolls
 d - a scroll of magic mapping
 f - 2 scrolls of remove curse
Potions
 c - a potion of resistance
 g - a potion of flight


   Skills:
 * Level 3.5 Fighting
 * Level 3.3 Long Blades
 * Level 4.0 Armour
 * Level 1.1 Dodging
 * Level 3.8 Shields


You had 4 spell levels left.
You didn't know any spells.
Your spell library was empty.

Dungeon Overview and Level Annotations

Branches:
Dungeon (3/15)

Altars:
Nemelex Xobeh


Message History

You're too confused to move!
You feel less confused.
Unknown command.
The orc priest calls down the wrath of Beogh upon you.
Beogh smites you!
* * * LOW HITPOINT WARNING * * *
You see here a stone.
Unknown command.
Unknown command.
Okay, then.
The orc wizard gestures at you while chanting.
The magic dart hits you.
* * * LOW HITPOINT WARNING * * *
The orc wizard casts a spell at you. You resist with some effort.
The orc wizard casts a spell at you. You block the puff of flame.
The orc wizard points at you and mumbles some strange words.
The magic dart hits you!
You die...

#.# #....# ##................
#.###....######...###...###...##
#........'........# #...# #...#
#####....###.##...###...###...##
#....# #.##.................
#....# #.##.................
###### #.###................
*#***#.###..###...###...##
#......##@..# #...# #...#
#......##...###...###...##
#......##.................
#......##.................
#......##......(..........
#...........###...###...##
*###.....o..# #...# #...#
#......o.###...###...##
###'###................


You could see an orc priest and an orc wizard.

Vanquished Creatures
  An orc priest (D:3)
  2 orc wizards (D:3)
  3 adders
  2 worms (D:2)
  A dart slug (D:1)
  9 orcs (D:3)
  A ball python (D:1)
  A giant cockroach (D:2)
  7 hobgoblins
  4 bats
  2 frilled lizards
  5 goblins
  5 kobolds
  5 rats
48 creatures vanquished.

Notes
Turn   | Place    | Note
-------+----------+-------------------------------------------
     0 | D:1      | alexmat1513 the Human Fighter began the quest for the Orb.
     0 | D:1      | Reached XP level 1. HP: 18/18 MP: 1/1
   165 | D:1      | Reached XP level 2. HP: 24/24 MP: 2/2
   876 | D:2      | Reached XP level 3. HP: 29/29 MP: 3/3
  1339 | D:2      | Reached XP level 4. HP: 35/35 MP: 4/4
  1624 | D:3      | Found a sparkling altar of Nemelex Xobeh.
  1728 | D:3      | Reached XP level 5. HP: 23/41 MP: 5/5
  2142 | D:3      | Reached skill level 4 in Armour
  2142 | D:3      | Reached skill level 1 in Dodging
  2571 | D:3      | HP: 1/41 [orc priest/divine providence (13)]
  2584 | D:3      | HP: 1/41 [orc wizard/magic dart (1)]
  2592 | D:3      | Killed from afar by an orc wizard

Illustrated notes

Levels and vault maps discovered:
D:1:      eino_arrival_cavern_d, layout_rooms
D:2:      layout_loops_corners
D:3:      cheibrodos_pilgrimage, layout_basic, lemuel_crystal_altar,
          grunt_temple_overflow_open, kennysheep_boxes

Skill      XL: |  1  2  3  4  5 |
---------------+----------------+-----
Long Blades    | 3 |  3.3
Armour         | 4 |  4.0
Dodging        | 1 |  1.1
Fighting       | |  3.5
Shields        | |  3.8

Action                   |  1- 3 |  4- 6 || total
-------------------------+-------+-------++-------
Melee: Long sword        |    88 |   106 ||   194
  Use: Scroll            |     4 |     3 ||     7
       Potion            |       |     2 ||     2
Armor: Scale mail        |    27 |    83 ||   110
Dodge: Dodged            |    21 |    21 ||    42
Block: Kite shield       |    25 |       ||    25
       Tower shield      |    27 |   101 ||   128
       Rpst.: Long sword |     5 |     7 ||    12
